 Dungeon Crawl Stone Soup version 0.29-a0-330-g52719c12eb (webtiles) character file.

Game seed: 5934887273771674919

57228 Crownlay the Thaumaturge (level 14, -4/92 HPs)
             Began as a Gargoyle Earth Elementalist on Apr 17, 2022.
             Was a High Priest of Vehumet.
             Slain by a komodo dragon (19 damage)
             ... on level 6 of the Lair of Beasts on Apr 18, 2022.
             The game lasted 01:11:09 (23224 turns).

Crownlay the Thaumaturge (GrEE)                    Turns: 23224, Time: 01:11:10

Health: -4/92      AC: 20    Str: 11    XL:     14   Next: 85%
Magic:  4/41       EV: 11    Int: 22    God:    Vehumet [*****.]
Gold:   1069       SH:  0    Dex: 10    Spells: 5/41 levels left

rFire   + . .      SeeInvis .   b - +3 demon trident (vamp)
rCold   + . .      Faith    .   (no shield)
rNeg    + . .      Spirit   .   B - +2 robe {rC+ rF+}
rPois   ∞          Reflect  .   e - +0 helmet
rElec   +          Harm     .   j - +2 cloak {Will+}
rCorr   .          Rampage  .   M - +0 pair of gloves
Will    ++...                   m - +0 pair of boots
Stlth   ++........              x - amulet of magic regeneration
HPRegen 0.25/turn               t - ring of magical power
MPRegen 0.67/turn               y - ring of wizardry

@: flying, studying Axes
A: sickness immunity, AC +10, big wings, negative energy resistance 1,
electricity resistance, torment resistance 1, petrification resistance
a: Renounce Religion


You were on level 6 of the Lair of Beasts.
You worshipped Vehumet.
Vehumet was extremely pleased with you.
You visited 3 branches of the dungeon, and saw 18 of its levels.
You also visited: Bailey.

You collected 1069 gold pieces.

Inventory:

Hand Weapons
 b - a +3 vampiric demon trident (weapon)
Missiles
 a - 187 stones
 u - 6 throwing nets
Armour
 e - a +0 helmet (worn)
 j - a +2 cloak of willpower (worn)
 m - a +0 pair of boots (worn)
 B - a +2 robe of resistance (worn)
 E - a +2 robe of willpower
 M - a +0 pair of gloves (worn)
Magical Staves
 g - a staff of death
 L - a staff of cold
Jewellery
 n - a ring of willpower
 q - a ring of willpower
 r - a +6 ring of intelligence
 t - a ring of magical power (left hand)
 x - an amulet of magic regeneration (around neck)
 y - a ring of wizardry (right hand)
 A - a ring of willpower
 O - an amulet of faith
Wands
 D - a wand of flame (21)
 F - a wand of mindburst (8)
 G - a wand of polymorph (5)
 I - a wand of iceblast (1)
Scrolls
 d - 2 scrolls of amnesia
 i - 2 scrolls of teleportation
 k - 6 scrolls of enchant armour
 z - a scroll of enchant weapon
 H - 2 scrolls of brand weapon
 J - 4 scrolls of silence
 K - 2 scrolls of magic mapping
Potions
 c - 4 potions of magic
 f - 3 potions of haste
 h - 2 potions of brilliance
 l - 6 potions of heal wounds
 o - a potion of cancellation
 p - 3 potions of mutation
 s - 4 potions of resistance
 v - 7 potions of curing
 w - 3 potions of might
 N - 2 potions of flight {unknown}


   Skills:
 - Level 12.0 Fighting
 - Level 1.5 Dodging
 - Level 2.1 Stealth
 + Level 14.1 Spellcasting
 - Level 12.0 Conjurations
 - Level 5.0 Hexes
 - Level 8.0 Summonings
 - Level 4.0 Transmutations
 * Level 10.9 Earth Magic


You had 5 spell levels left.
You knew the following spells:

 Your Spells              Type           Power      Damage    Failure   Level
a - Sandblast             Erth           100%       2d20      1%          1
b - Stone Arrow           Conj/Erth      100%       3d13      1%          3
c - Petrify               Tmut/Erth      48%        N/A       1%          4
d - Spellforged Servitor  Conj/Summ      28%        N/A       7%          7
e - Orb of Destruction    Conj           31%        9d10      3%          7
f - Tukima's Dance        Hex            37%        N/A       1%          3
g - Swiftness             Air            15%        N/A       4%          3
h - Mephitic Cloud        Conj/Pois/Air  33%        N/A       1%          3
i - Borgnjor's Vile Clut  Necr/Erth      19%        N/A       4%          5

Your spell library contained the following spells:

 Spells                   Type           Power      Damage    Failure   Level
 Fulminant Prism          Conj/Hex       26%        3d14      1%          4
 Magic Dart               Conj           100%       1d8       1%          1
 Shock                    Conj/Air       100%       1d9       1%          1
 Sting                    Tmut/Pois      96%        1d7       1%          1
 Call Imp                 Summ           50%        N/A       1%          2
 Passwall                 Tmut/Erth      40%        N/A       1%          2
 Poisonous Vapours        Pois/Air       30%        N/A       1%          2
 Summon Guardian Golem    Hex/Summ       44%        N/A       1%          3
 Corpse Rot               Necr/Air       30%        N/A       2%          2
 Ozocubu's Armour         Ice            15%        N/A       4%          3
 Airstrike                Air            7%         N/A       4%          4
 Olgreb's Toxic Radiance  Pois           15%        N/A       4%          4
 Anguish                  Hex/Necr       13%        N/A       6%          4
 Animate Dead             Necr           7%         N/A       16%         4
 Metabolic Englaciation   Hex/Ice        13%        N/A       16%         5
 Enfeeble                 Hex            18%        N/A       83%         7
 Death Channel            Necr           7%         N/A       91%         6
 Simulacrum               Ice/Necr       7%         N/A       91%         6


Dungeon Overview and Level Annotations

Branches:
Dungeon (11/15)            Temple (1/1) D:7            Lair (6/6) D:11
  Swamp (0/4) Lair:3        Snake (0/4) Lair:4        Slime (0/5) Lair:5
    Orc (0/2) D:10         Bailey (visited)

Altars:
Ashenzari
Cheibriados
Dithmenos
Elyvilon
Fedhas
Gozag
Hepliaklqana
Kikubaaqudgha
Makhleb
Nemelex Xobeh
Okawaru
Qazlal
Ru
Sif Muna
Trog
Uskayaw
Vehumet
Wu Jian
Xom
Yredelemnul
Zin
The Shining One

Portals:
Trove: D:11 (give +4 ice dragon scales)

Annotations:
D:8 1 runed translucent door


Innate Abilities, Weirdness & Mutations

You are immune to sickness and miasma.
Your stone body is resilient. (AC +10)
You are immune to poison.
Your large and strong wings let you fly.
You resist negative energy. (rN+)
You are resistant to electric shocks. (rElec)
You are resistant to unholy torment.
You are immune to petrification.


Message History

Aim: a death yak (almost dead, not watching you, ally target, 92% to hit)
The stone arrow misses the death yak.
Casting: Stone Arrow (safe; 1% risk of failure)
Confirm with . or Enter, or press ? or * to list all spells.
Aiming: Sandblast (safe; 1% risk of failure)
Press: ? - help, Shift-Dir - straight line, f/p - death yak
Aim: a death yak (magical condensation, almost dead, not watching you, ally target, 94% to hit)
Okay, then.
The death yak gores your spellforged servitor!!
Your spellforged servitor conjures an orb of pure magic.
The wavering orb of destruction weakly hits the death yak!
The death yak is blown up!
Vehumet accepts your kill.
Casting: Sandblast (safe; 1% risk of failure)
Confirm with . or Enter, or press ? or * to list all spells.
Aiming: Stone Arrow (safe; 1% risk of failure)
Press: ? - help, Shift-Dir - straight line, f - komodo dragon
Aim: a komodo dragon (moderately wounded, 84% to hit)
The stone arrow hits the komodo dragon!
The komodo dragon is heavily wounded.
Casting: Stone Arrow (safe; 1% risk of failure)
Confirm with . or Enter, or press ? or * to list all spells.
Aiming: Stone Arrow (safe; 1% risk of failure)
Press: ? - help, Shift-Dir - straight line, f/p - komodo dragon
Aim: a komodo dragon (heavily wounded, ally target, 84% to hit)
The stone arrow hits the komodo dragon!
The komodo dragon is severely wounded.
The komodo dragon bites you!!
* * * LOW HITPOINT WARNING * * *
Casting: Stone Arrow (safe; 1% risk of failure)
Confirm with . or Enter, or press ? or * to list all spells.
Aiming: Stone Arrow (safe; 1% risk of failure)
Press: ? - help, Shift-Dir - straight line, f/p - komodo dragon
Aim: a komodo dragon (heavily wounded, ally target, 84% to hit)
The stone arrow hits the komodo dragon!
The komodo dragon is almost dead.
The cane toad stings you.
* * * LOW HITPOINT WARNING * * *
The komodo dragon bites you!!
You die...

........## ...†.†...#
.........# .#.......#
##......## ##......#
##.....P## #........###
#### .
#....##....###l@#P...
#......†.†.....F.....♣
#....P#..............♣
#......#.......9......♣
#....P..####.#........♣
##....P# #.###).......♣
..... ## #........♣ ...
........♣♣ .. .......


You could see a komodo dragon (ally target), a cane toad and a friendly
spellforged servitor (summoned).

Vanquished Creatures
  Rupert (Lair:4)
  A hydra (Lair:6)
  Harold (D:10)
  2 boulder beetles
  2 two-headed ogres (D:11)
  4 death yaks
  Urug (D:10)
  A deep elf knight (D:10)
  Amaemon (D:8)
  Pikel (D:5)
  3 orc knights
  A lindwurm (Lair:2)
  A manticore (D:6)
  An ugly thing (D:6)
  A cyclops (D:11)
  Maurice (D:8)
  Joseph (D:10)
  4 elephants
  A torpor snail (Lair:6)
  6 black mambas
  10 cane toads
  An orange demon (D:8)
  A rime drake (Lair:6)
  Psyche (D:8)
  4 komodo dragons
  2 trolls (D:9)
  2 nameless horrors
  Prince Ribbit (D:5)
  3 blink frogs
  Sigmund (D:4)
  A wraith (D:6)
  38 yaks
  5 wyverns
  4 steam dragons
  11 vampire mosquitoes
  2 acid dragons (D:11)
  9 water moccasins
  Duvessa (D:5)
  A swamp drake (D:10)
  2 black bears
  10 orc warriors
  2 sky beasts (D:8)
  An ice beast (D:5)
  11 wolves
  2 ogres
  2 centaurs
  A phantom (D:4)
  A kobold brigand (D:7)
  A necrophage (D:6)
  7 bullfrogs
  4 gnoll sergeants
  8 scorpions
  5 wights
  Dowan (D:5)
  4 killer bees
  9 howler monkeys
  7 electric eels
  2 jellies (Lair:5)
  9 hounds
  8 orc priests
  Crazy Yiuf (D:2)
  A gnoll shaman (D:6)
  7 iguanas
  Terence (D:3)
  10 orc wizards
  2 hell rats (Lair:3)
  Robin (D:2)
  8 adders
  24 gnolls
  A shadow imp (D:6)
  An ufetubus (D:6)
  A worm (D:5)
  3 dart slugs
  32 orcs
  3 ball pythons
  3 bats
  7 endoplasms
  8 giant cockroaches
  15 goblins
  9 hobgoblins
  4 quokkas
  2 frilled lizards
  11 kobolds
  3 rats
388 creatures vanquished.

Vanquished Creatures (collateral kills)
  A boulder beetle (Lair:4)
  Erolcha (D:11)
  4 hydras
  5 death yaks
  Nergalle (Lair:2)
  A lindwurm (Lair:3)
  6 elephants
  2 black mambas
  7 cane toads
  3 komodo dragons
  A troll (D:11)
  3 blink frogs (Lair:2)
  18 yaks
  A wyvern (Lair:3)
  3 basilisks
  13 water moccasins
  6 wolves
  A bullfrog (Lair:2)
  A hound (D:11)
  A jelly (Lair:5)
  2 hell rats (Lair:3)
81 creatures vanquished.

Vanquished Creatures (others)
  2 dancing weapons (D:10)
  A bush (Lair:5)
  34 fungi
  48 plants
85 creatures vanquished.

Grand Total: 554 creatures vanquished

Notes
Turn   | Place    | Note
-------+----------+-------------------------------------------
     0 | D:1      | Crownlay the Gargoyle Earth Elementalist began the quest
                  | for the Orb.
     0 | D:1      | Reached XP level 1. HP: 10/10 MP: 3/3
   209 | D:1      | Reached XP level 2. HP: 15/15 MP: 3/5
  1002 | D:2      | Reached XP level 3. HP: 19/19 MP: 1/7
  1191 | D:2      | Reached skill level 3 in Spellcasting
  1328 | D:2      | Found a faded altar of an unknown god.
  1463 | D:2      | Noticed Robin
  1477 | D:2      | Killed Robin
  1478 | D:2      | Reached XP level 4. HP: 15/24 MP: 1/9
  2035 | D:2      | Found a runed translucent door.
  2036 | D:2      | Noticed Crazy Yiuf
  2186 | D:2      | Learned a level 3 spell: Stone Arrow
  2431 | D:3      | Identified the +0 scale mail "Reklyfog" {Drain Fly Int+3}
  2443 | D:3      | Reached XP level 5. HP: 28/28 MP: 10/10
  2642 | D:3      | Reached skill level 4 in Spellcasting
  2755 | D:3      | Noticed Terence
  2758 | D:3      | Killed Terence
  2759 | D:3      | Reached skill level 5 in Earth Magic
  3090 | D:4      | Noticed Sigmund
  3093 | D:4      | Killed Sigmund
  3094 | D:4      | Reached skill level 5 in Spellcasting
  3094 | D:4      | Reached XP level 6. HP: 32/32 MP: 4/13
  3519 | D:4      | Reached XP level 7. HP: 31/36 MP: 9/15
  3634 | D:4      | Learned a level 4 spell: Petrify
  3902 | D:2      | Killed Crazy Yiuf
  4170 | D:5      | Entered Level 5 of the Dungeon
  4177 | D:5      | Reached skill level 6 in Spellcasting
  4188 | D:5      | Reached skill level 1 in Transmutations
  4510 | D:5      | Reached skill level 1 in Conjurations
  4798 | D:5      | Reached XP level 8. HP: 41/41 MP: 14/17
  4907 | D:5      | Noticed Prince Ribbit
  4910 | D:5      | Killed Prince Ribbit
  5039 | D:5      | You fall into a shaft and drop 1 floor!
  5366 | D:5      | Noticed Duvessa
  5372 | D:5      | Noticed Dowan
  5373 | D:5      | Killed Duvessa
  5374 | D:5      | Reached skill level 7 in Spellcasting
  5375 | D:5      | Killed Dowan
  5484 | D:5      | Noticed Pikel
  5490 | D:5      | Killed Pikel
  5491 | D:5      | Reached XP level 9. HP: 40/45 MP: 13/20
  6011 | D:6      | Reached skill level 8 in Spellcasting
  6047 | D:6      | Noticed a brown ugly thing
  6073 | D:6      | Killed a brown ugly thing
  6356 | D:6      | Noticed a manticore
  6361 | D:6      | Killed a manticore
  6362 | D:6      | Reached skill level 5 in Conjurations
  6954 | D:7      | Reached skill level 9 in Spellcasting
  7019 | D:7      | Reached XP level 10. HP: 50/50 MP: 23/23
  7139 | D:7      | Found a staircase to the Ecumenical Temple.
  7147 | Temple   | Entered the Ecumenical Temple
  7411 | Temple   | Became a worshipper of Vehumet
  8129 | D:8      | Found a flagged portal.
  8142 | Bailey   | Entered a bailey
  8651 | Bailey   | Reached * piety under Vehumet
  8651 | Bailey   | Offered knowledge of Shock by Vehumet.
  8717 | Bailey   | Reached skill level 10 in Spellcasting
  8795 | Bailey   | Noticed an orc knight
  8795 | Bailey   | Noticed an orc knight
  9322 | Bailey   | Killed an orc knight
  9323 | Bailey   | Reached skill level 1 in Summonings
  9323 | Bailey   | Reached skill level 10 in Earth Magic
  9435 | Bailey   | Killed an orc knight
  9634 | D:8      | Noticed Amaemon
  9640 | D:8      | Noticed an orange demon
  9920 | D:8      | Learned a level 7 spell: Spellforged Servitor
  9928 | D:8      | Learned a level 7 spell: Orb of Destruction
 10134 | D:8      | Noticed Psyche
 10136 | D:8      | Killed Psyche
 10266 | D:8      | Reached XP level 11. HP: 54/54 MP: 25/25
 10485 | D:8      | Killed Amaemon
 10486 | D:8      | Reached skill level 11 in Spellcasting
 10728 | D:8      | Noticed Maurice
 10730 | D:8      | Found a runed translucent door.
 10731 | D:8      | Found a runed translucent door.
 10746 | D:8      | Killed Maurice
 11170 | D:8      | Learned a level 2 spell: Poisonous Vapours
 11517 | D:9      | Reached ** piety under Vehumet
 11517 | D:9      | Offered knowledge of Foxfire by Vehumet.
 11716 | D:9      | Learned a level 3 spell: Tukima's Dance
 12308 | D:9      | Found an ornate altar of the Wu Jian Council.
 12474 | D:10     | Entered Level 10 of the Dungeon
 12485 | D:10     | Noticed a sea snake
 12607 | D:10     | Offered knowledge of Searing Ray by Vehumet.
 13183 | D:10     | Reached *** piety under Vehumet
 13188 | D:10     | Reached skill level 1 in Hexes
 13418 | D:10     | Noticed a +5 double sword
 13418 | D:10     | Noticed a deep elf knight
 13421 | D:10     | Killed a deep elf knight
 13421 | D:10     | Noticed Harold
 13422 | D:10     | Reached skill level 5 in Summonings
 13425 | D:10     | Noticed an orc knight
 13425 | D:10     | Noticed Urug
 13426 | D:10     | Noticed Joseph
 13439 | D:10     | Killed Joseph
 13440 | D:10     | Reached skill level 12 in Spellcasting
 13444 | D:10     | Killed Harold
 13445 | D:10     | Reached XP level 12. HP: 41/59 MP: 27/28
 13447 | D:10     | Killed Urug
 14176 | D:10     | Found a staircase to the Orcish Mines.
 14305 | D:11     | Noticed a boulder beetle
 14305 | D:11     | Noticed a two-headed ogre
 14305 | D:11     | Found a portal to a secret trove of treasure.
 14308 | D:11     | Killed a two-headed ogre
 14308 | D:11     | Offered knowledge of Sticky Flame by Vehumet.
 14309 | D:11     | Noticed a boulder beetle
 14311 | D:11     | Noticed a two-headed ogre
 14620 | D:11     | Killed a two-headed ogre
 14920 | D:10     | Killed a boulder beetle
 14995 | D:11     | Killed a boulder beetle
 15420 | D:11     | Noticed a five-headed hydra
 15425 | D:11     | Killed a five-headed hydra
 15436 | D:11     | Reached **** piety under Vehumet
 15645 | D:11     | Found a staircase to the Lair.
 15651 | D:11     | Offered knowledge of Frozen Ramparts by Vehumet.
 15682 | D:11     | Noticed Erolcha
 15990 | D:11     | Killed Erolcha
 16238 | Lair:1   | Entered Level 1 of the Lair of Beasts
 16244 | Lair:1   | Learned a level 3 spell: Swiftness
 16465 | Lair:1   | Reached skill level 13 in Spellcasting
 16493 | Lair:1   | Reached skill level 1 in Fighting
 17073 | Lair:2   | Reached XP level 13. HP: 66/66 MP: 23/30
 17085 | Lair:2   | Reached skill level 10 in Conjurations
 17342 | Lair:2   | Noticed Nergalle
 17346 | Lair:2   | Killed Nergalle
 18230 | Lair:3   | Found a staircase to the Swamp.
 18354 | Lair:3   | Learned a level 3 spell: Mephitic Cloud
 18560 | Lair:3   | Reached skill level 5 in Hexes
 19845 | Lair:4   | Reached skill level 14 in Spellcasting
 19847 | Lair:4   | Found a staircase to the Snake Pit.
 20101 | Lair:4   | Reached skill level 5 in Fighting
 20151 | Lair:4   | Reached ***** piety under Vehumet
 20352 | Lair:4   | Noticed Rupert
 20361 | Lair:4   | Killed Rupert
 20361 | Lair:4   | Offered knowledge of Irradiate by Vehumet.
 21373 | Lair:5   | Gained mutation: Your large and strong wings let you fly.
                  | [Gargoyle growth]
 21373 | Lair:5   | Reached XP level 14. HP: 80/80 MP: 19/32
 21461 | Lair:5   | Learned a level 5 spell: Borgnjor's Vile Clutch
 21479 | Lair:5   | Found a staircase to the Slime Pits.
 22289 | Lair:6   | Entered Level 6 of the Lair of Beasts
 22417 | Lair:6   | Reached skill level 10 in Fighting
 22447 | Lair:6   | Offered knowledge of Fulminant Prism by Vehumet.
 23224 | Lair:6   | Slain by a komodo dragon

Illustrated notes

Levels and vault maps discovered:
D:1:      eino_arrival_cavern_e, layout_basic
D:2:      layout_loops_ring, ebering_ecumenical_altar_abandoned,
          uniq_crazy_yiuf_cottage, uniq_robin
D:3:      layout_basic, uniq_terence
D:4:      minmay_spotlight, layout_rooms, uniq_sigmund
D:5:      layout_loops_ring, uniq_pikel, uniq_prince_ribbit1, uniq_duvessa
D:6:      layout_rooms, minmay_manual_monstrance
D:7:      layout_basic, minmay_temple_entry_junction_2
D:8:      lemuel_insect_pit, layout_loops_ring, enter_bailey_2,
          serial_park_tiny_pond, uniq_maurice, uniq_psyche, uniq_amaemon
D:9:      layout_loops_corners, mainiacjoe_overflow_six_doors_small
D:10:     layout_loops_corners, erik_orc_1, serial_aquarium,
          aquarium_bridge_long_joined [aquarium_subvault_window,
          aquarium_subvault_bridge, aquarium_subvault_balcony,
          aquarium_subvault_window, aquarium_subvault_window,
          aquarium_subvault_window], aquarium_window_1, aquarium_window_fake,
          aquarium_window_1, aquarium_window_1, aquarium_view_4,
          aquarium_view_2c, sword_in_stone
D:11:     layout_cave_pods, erik_lair_island, enter_trove_1, uniq_erolcha
Temple:   nicolae_temple_the_god_donut
Lair:1:   layout_loops_ring, serial_bayou_shore_b
Lair:2:   layout_roguey, uniq_nergalle
Lair:3:   layout_cave_pods, swamp_mist_pool
Lair:4:   layout_gridlike, minmay_snake_entry_six_corridors,
          serial_bayou_lagoon_a, chequers_serial_rivers_micro_b, uniq_rupert
Lair:5:   layout_loops_ring, nicolae_slime_entry_slimehenge
Lair:6:   evil_forest, layout_gridlike, grunt_megastairs_2

Skill      XL: |  1  2  3  4  5  6  7  8  9 10 11 12 13 14 |
---------------+-------------------------------------------+-----
Earth Magic    | 4 5 6 7 9 10 | 10.9
Spellcasting   | 3 5 6 7 9 10 12 13 14 | 14.1
Transmutations | 1 3 4 |  4.0
Conjurations   | 1 3 5 7 8 9 12 | 12.0
Summonings     | 2 5 7 8 |  8.0
Hexes          | 2 4 5 |  5.0
Fighting       | 1 6 12 | 12.0
Dodging        | |  1.5
Stealth        | |  2.1

Action                   |  1- 3 |  4- 6 |  7- 9 | 10-12 | 13-15 || total
-------------------------+-------+-------+-------+-------+-------++-------
Melee: Hand axe          |    85 |       |       |       |       ||    85
       Dagger            |       |    58 |    11 |    23 |       ||    92
       Punch             |       |     1 |       |       |       ||     1
       Demon trident     |       |       |       |     1 |    10 ||    11
 Cast: Sandblast         |    20 |    24 |    18 |   111 |    69 ||   242
       Stone Arrow       |       |     5 |    92 |   193 |   238 ||   528
       Petrify           |       |       |     1 |     4 |       ||     5
       Tukima's Dance    |       |       |       |    16 |     2 ||    18
       Poisonous Vapours |       |       |       |     2 |       ||     2
       Spellforged Servi |       |       |       |    12 |    37 ||    49
       Orb of Destructio |       |       |       |     3 |       ||     3
       Mephitic Cloud    |       |       |       |       |     9 ||     9
       Borgnjor's Vile C |       |       |       |       |     3 ||     3
Evoke: Wand              |       |       |       |    34 |     3 ||    37
  Use: Scroll            |       |       |    11 |    15 |     5 ||    31
 Stab: Sleeping          |     5 |     3 |       |       |       ||     8
       Petrified         |       |       |       |    20 |       ||    20
       Petrifying        |       |       |       |     1 |       ||     1
Armor: Robe              |    36 |    27 |     7 |    91 |    75 ||   236
Dodge: Dodged            |    57 |    39 |    20 |    99 |    95 ||   310

Table legend: (Time is in decaauts)
 A = Elapsed time spent in this place.
 B = Non-inter-level travel time spent in this place.
 C = Inter-level travel time spent in this place.
 D = Time resting spent in this place.
 E = Time spent auto-exploring this place.
 F = Levels seen in this place.
 G = Mean time per level.
                   A        B        C        D        E       F      G
               +--------+--------+--------+--------+--------+-----+--------+
         Total |  23274 |  22426 |    848 |   1658 |  16053 |  19 | 1224.9 |
       Dungeon |  14558 |  13856 |    702 |    786 |  10873 |  11 | 1323.5 |
        Temple |    273 |    264 |      9 |      0 |    238 |   1 |  273.0 |
          Lair |   7003 |   6866 |    137 |    663 |   4153 |   6 | 1167.2 |
        Bailey |   1438 |   1438 |      0 |    209 |    789 |   1 | 1438.0 |
               +--------+--------+--------+--------+--------+-----+--------+

Top non-repeatable levels by time:
    D:10: 2701 daAuts
     D:8: 1970 daAuts
     D:5: 1686 daAuts
     D:2: 1668 daAuts
  Lair:3: 1636 daAuts
  Bailey: 1438 daAuts
  Lair:4: 1319 daAuts
  Lair:5: 1156 daAuts
     D:6: 1092 daAuts
     D:9: 1084 daAuts
    D:11: 1069 daAuts
  Lair:2: 1007 daAuts
  Lair:1: 946 daAuts
  Lair:6: 937 daAuts
     D:1: 900 daAuts
